AA CENTRAL
ARKANSAS TRAVELERS @ NORTHWEST ARKANSAS NATURALS
06/12/2042
 
TOP OF THE 1ST
Arkansas Travelers batting - Pitching for Northwest Arkansas Naturals : RHP Jeremy Ward
Pitching: RHP Jeremy Ward
Batting: LHB Edgar Vargo 0-0: Foul Ball, location: 2F
0-1: Called Strike
0-2: Strikes out swinging
Batting: RHB David Ayala 0-0: DOUBLE (Line Drive, 89M, EV 90.6 MPH)
Batting: LHB José Barrón 0-0: Ball
1-0: Ball
2-0: Ball
3-0: Base on Balls
Batting: RHB Dave Davis 0-0: Swinging Strike
0-1: Ball
David Ayala steals 3rd base (no throw)
José Barrón to second
1-1: Fielders Choice attempt at home, Runner SAFE. 6-2 (Groundball, 6, EV 86.3 MPH)
José Barrón to third
Batting: LHB Jim Norton 0-0: Called Strike
0-1: Called Strike
0-2: Ball
Dave Davis is caught stealing 2nd base 2-6
1-2: Fly out, F7 (Flyball, 7LM, EV 90.6 MPH)
Top of the 1st over - 1 run, 1 hit, 0 errors, 1 left on base; Arkansas 1 - Northwest Arkansas 0
BOTTOM OF THE 1ST
Northwest Arkansas Naturals batting - Pitching for Arkansas Travelers : RHP Stan Tutt
Pitching: RHP Stan Tutt
Batting: SHB Luis Ramírez 0-0: Called Strike
0-1: Swinging Strike
0-2: Foul Ball, location: 2F
0-2: Ball
1-2: Ball
2-2: Ball
3-2: SINGLE (Flyball, 4D, EV 91.9 MPH)
Batting: SHB Jesús Catete 0-0: Ball
Luis Ramírez is caught stealing 2nd base 2-6
1-0: Ball
2-0: Ball
3-0: Base on Balls
Batting: RHB Marlon Whaley 0-0: Ball
1-0: Ball
2-0: Grounds into double play, 5-4-3 (Groundball, 15, EV 86.3 MPH)
Bottom of the 1st over - 0 runs, 1 hit, 0 errors, 0 left on base; Arkansas 1 - Northwest Arkansas 0
TOP OF THE 2ND
Arkansas Travelers batting - Pitching for Northwest Arkansas Naturals : RHP Jeremy Ward
Batting: RHB Xavier López 0-0: Ball
1-0: Ball
2-0: SINGLE (Groundball, 6, EV 85.0 MPH)
Batting: RHB Clarence Gedman 0-0: Bunt - Flyout to 15S! F1
Batting: RHB Reggie Allen 0-0: Fly out, F9 (Flyball, 89S, EV 84.4 MPH)
Batting: SHB Jim Unknown 0-0: Ball
Xavier López is caught stealing 2nd base 2-6
Top of the 2nd over - 0 runs, 1 hit, 0 errors, 0 left on base; Arkansas 1 - Northwest Arkansas 0
BOTTOM OF THE 2ND
Northwest Arkansas Naturals batting - Pitching for Arkansas Travelers : RHP Stan Tutt
Batting: RHB Cisco Gómez 0-0: Called Strike
0-1: Called Strike
0-2: Ball
1-2: Strikes out looking
Batting: RHB Chris Shafer 0-0: Called Strike
0-1: DOUBLE (Line Drive, 89M, EV 92.5 MPH)
Batting: LHB Pete Barry 0-0: Swinging Strike
0-1: Called Strike
0-2: Ball
1-2: Ground out 4-3 (Groundball, 4, EV 85.6 MPH)
Chris Shafer to third
Batting: RHB Teddy Salas 0-0: Ball
1-0: Foul Ball, location: 5F
1-1: Ball
2-1: Ball
3-1: Fly out, F9 (Line Drive, 9, EV 94.4 MPH)
Bottom of the 2nd over - 0 runs, 1 hit, 0 errors, 1 left on base; Arkansas 1 - Northwest Arkansas 0
TOP OF THE 3RD
Arkansas Travelers batting - Pitching for Northwest Arkansas Naturals : RHP Jeremy Ward
Batting: SHB Jim Unknown 0-0: Swinging Strike
0-1: Foul Ball, location: 9LDF
0-2: Ball
1-2: Foul Ball, location: 23F
1-2: Ground out 6-3 (Groundball, 6, EV 91.9 MPH)
Batting: LHB Edgar Vargo 0-0: Ground out 6-3 (Groundball, 6, EV 81.9 MPH)
Batting: RHB David Ayala 0-0: Called Strike
0-1: Ball
1-1: Ball
2-1: Called Strike
2-2: Foul Ball, location: 5F
2-2: Foul Ball, location: 2F
2-2: Ground out 5-3 (Groundball, 56S, EV 72.5 MPH)
Top of the 3rd over - 0 runs, 0 hits, 0 errors, 0 left on base; Arkansas 1 - Northwest Arkansas 0
BOTTOM OF THE 3RD
Northwest Arkansas Naturals batting - Pitching for Arkansas Travelers : RHP Stan Tutt
Batting: RHB Juan Vera 0-0: Ball
1-0: Ball
2-0: Ball
3-0: Base on Balls
Batting: RHB Luis Rivera 0-0: Ball
1-0: Called Strike
1-1: Ball
2-1: Bunted foul
2-2: Fly out, F2 (Popup, 23F, EV 43.8 MPH)
Batting: SHB Luis Ramírez 0-0: Ball
1-0: Swinging Strike
1-1: Swinging Strike
1-2: Fly out, F8 (Flyball, 89D, EV 83.8 MPH)
Batting: SHB Jesús Catete 0-0: Ball
1-0: Foul Ball, location: 2LF
1-1: Foul Ball, location: 2F
1-2: DOUBLE (Flyball, 8LXD, EV 100.6 MPH)
Juan Vera to third
Batting: RHB Marlon Whaley 0-0: 3-RUN HOME RUN (Flyball, 9D, EV 97.5 MPH), Distance : 393 ft
Batting: RHB Cisco Gómez 0-0: Fly out, F9 (Flyball, 9D, EV 108.8 MPH)
Bottom of the 3rd over - 3 runs, 2 hits, 0 errors, 0 left on base; Arkansas 1 - Northwest Arkansas 3
TOP OF THE 4TH
Arkansas Travelers batting - Pitching for Northwest Arkansas Naturals : RHP Jeremy Ward
Batting: LHB José Barrón 0-0: Ball
1-0: Swinging Strike
1-1: Ball
2-1: Fly out, F5 (Popup, 25, EV 83.1 MPH)
Batting: RHB Dave Davis 0-0: Foul Ball, location: 2F
0-1: Ball
1-1: Ball
2-1: Called Strike
2-2: Foul Ball, location: 2F
2-2: Foul Ball, location: 3FF
2-2: Strikes out swinging
Batting: LHB Jim Norton 0-0: Called Strike
0-1: Called Strike
0-2: Foul Ball, location: 2F
0-2: Ball
1-2: Foul Ball, location: 5FF
1-2: Strikes out looking
Top of the 4th over - 0 runs, 0 hits, 0 errors, 0 left on base; Arkansas 1 - Northwest Arkansas 3
BOTTOM OF THE 4TH
Northwest Arkansas Naturals batting - Pitching for Arkansas Travelers : RHP Stan Tutt
Batting: RHB Chris Shafer 0-0: Ball
1-0: SINGLE (Groundball, 56S, EV 66.3 MPH) (infield hit)
Batting: LHB Pete Barry 0-0: Sac Bunt to 2L - play at first, batter OUT! 2-3
Chris Shafer to second
Batting: RHB Teddy Salas 0-0: SINGLE (Groundball, 6D, EV 110.0 MPH)
Chris Shafer to third
Batting: RHB Juan Vera 0-0: Called Strike
0-1: Ball
1-1: Ball
2-1: Fly out, F9 (Flyball, 89S, EV 81.9 MPH)
Batting: RHB Luis Rivera 0-0: Ball
1-0: Swinging Strike
1-1: Ball
2-1: Fly out, F8 (Flyball, 8RD, EV 94.4 MPH)
Bottom of the 4th over - 0 runs, 2 hits, 0 errors, 2 left on base; Arkansas 1 - Northwest Arkansas 3
TOP OF THE 5TH
Arkansas Travelers batting - Pitching for Northwest Arkansas Naturals : RHP Jeremy Ward
Batting: RHB Xavier López 0-0: Ball
1-0: Ground out 4-3 (Groundball, 34, EV 93.8 MPH)
Batting: RHB Clarence Gedman 0-0: Ball
1-0: Called Strike
1-1: Ball
2-1: Ball
3-1: Base on Balls
Batting: RHB Reggie Allen 0-0: Ball
1-0: Ball
2-0: SINGLE (Flyball, 9S, EV 100.0 MPH)
Clarence Gedman to second
Batting: SHB Jim Unknown 0-0: Ball
1-0: Ball
2-0: DOUBLE (Groundball, 3L, EV 110.0 MPH)
Clarence Gedman scores
Reggie Allen to third
Runner from 3rd tries for Home, throw by RF and OUT! 9-4-2
Jim Unknown to third
Batting: LHB Edgar Vargo 0-0: Ball
1-0: Ball
2-0: Ball
3-0: Called Strike
3-1: Called Strike
3-2: Foul Ball, location: 2F
3-2: Ground out U3 (Groundball, 34S, EV 80.6 MPH)
Top of the 5th over - 1 run, 2 hits, 0 errors, 1 left on base; Arkansas 2 - Northwest Arkansas 3
BOTTOM OF THE 5TH
Northwest Arkansas Naturals batting - Pitching for Arkansas Travelers : RHP Stan Tutt
Batting: SHB Luis Ramírez 0-0: Called Strike
0-1: Foul Ball, location: 23F
0-2: Strikes out looking
Batting: SHB Jesús Catete 0-0: Foul Ball, location: 3FF
0-1: Swinging Strike
0-2: Foul Ball, location: 3F
0-2: DOUBLE (Flyball, 78D, EV 106.3 MPH)
Batting: RHB Marlon Whaley 0-0: Fly out, F8 (Flyball, 8RD, EV 106.9 MPH)
Batting: RHB Cisco Gómez 0-0: Called Strike
0-1: Called Strike
0-2: Strikes out swinging
Bottom of the 5th over - 0 runs, 1 hit, 0 errors, 1 left on base; Arkansas 2 - Northwest Arkansas 3
TOP OF THE 6TH
Arkansas Travelers batting - Pitching for Northwest Arkansas Naturals : RHP Jeremy Ward
Batting: RHB David Ayala 0-0: SINGLE (Groundball, 56, EV 91.9 MPH)
Batting: LHB José Barrón 0-0: Called Strike
0-1: Ball
1-1: Ball
2-1: Called Strike
2-2: Ball
3-2: Base on Balls
David Ayala to second
Batting: RHB Dave Davis 0-0: Ball
David Ayala steals 3rd base (no throw)
José Barrón to second
1-0: Swinging Strike
1-1: Fielders Choice at home, 4-2 (Groundball, 4MS, EV 70.6 MPH)
José Barrón to third
Batting: LHB Jim Norton 0-0: Swinging Strike
0-1: Called Strike
0-2: Foul Ball, location: 3F
0-2: Foul Ball, location: 3F
0-2: Foul Ball, location: 7LDF
0-2: Ball
Wild Pitch!
José Barrón scores
Dave Davis to second
1-2: Hit by Pitch
Batting: RHB Xavier López 0-0: Called Strike
Dave Davis steals 3rd base
0-1: Ball
1-1: SINGLE (Groundball, 3D, EV 108.8 MPH)
Dave Davis scores
Jim Norton to second
Runner from 2nd tries for 3rd, SAFE, throw by RF made to third
Batting: RHB Clarence Gedman 0-0: Ball
Xavier López is caught stealing 2nd base 2-4
1-0: Ground out 6-3 (Groundball, 56, EV 81.9 MPH)
Top of the 6th over - 2 runs, 2 hits, 0 errors, 1 left on base; Arkansas 4 - Northwest Arkansas 3
BOTTOM OF THE 6TH
Northwest Arkansas Naturals batting - Pitching for Arkansas Travelers : RHP Stan Tutt
Batting: RHB Chris Shafer 0-0: Ball
1-0: Swinging Strike
1-1: Called Strike
1-2: Ball
2-2: Ball
3-2: Base on Balls
Batting: LHB Pete Barry 0-0: Ball
1-0: Bunted foul
1-1: Ball
2-1: Sac Bunt to 25 - play at first, batter OUT! 5-4
Chris Shafer to second
Batting: RHB Teddy Salas 0-0: Ball
1-0: SINGLE (Groundball, 4MD, EV 94.4 MPH)
Chris Shafer to third
Runner from 3rd tries for Home, throw by CF and OUT! 8-2
Teddy Salas to second
Pitching: RHP Jim Unknown
Pinch Hitting: RHB Misao Suitani 0-0: Ball
1-0: Called Strike
1-1: Ball
2-1: Ground out 4-3 (Groundball, 4, EV 106.9 MPH)
Bottom of the 6th over - 0 runs, 1 hit, 0 errors, 1 left on base; Arkansas 4 - Northwest Arkansas 3
TOP OF THE 7TH
Arkansas Travelers batting - Pitching for Northwest Arkansas Naturals : RHP Jeremy Ward
Now at 2B: Pete Barry
Now at 3B: Josh Forrest
Batting: RHB Reggie Allen 0-0: Ball
1-0: Ball
2-0: Called Strike
2-1: Foul Ball, location: 2F
2-2: Foul Ball, location: 25F
2-2: Fly out, F9 (Line Drive, 9D, EV 89.4 MPH)
Batting: SHB Jim Unknown 0-0: Ball
1-0: Ball
2-0: Swinging Strike
2-1: Swinging Strike
2-2: Foul Ball, location: 2F
2-2: Strikes out looking
Batting: LHB Edgar Vargo 0-0: Ground out 6-3 (Groundball, 6, EV 81.9 MPH)
Top of the 7th over - 0 runs, 0 hits, 0 errors, 0 left on base; Arkansas 4 - Northwest Arkansas 3
BOTTOM OF THE 7TH
Northwest Arkansas Naturals batting - Pitching for Arkansas Travelers : RHP Jim Unknown
Pinch Hitting: LHB Sonny Pouliot 0-0: Ball
1-0: Ball
2-0: Ball
3-0: SINGLE (Line Drive, 9S, EV 91.3 MPH)
Batting: SHB Luis Ramírez 0-0: Sac Bunt to 13 - play at first, batter OUT! 1-3
Sonny Pouliot to second
Batting: SHB Jesús Catete 0-0: Ball
1-0: Ball
2-0: Foul Ball, location: 5SF
2-1: Swinging Strike
2-2: Ball
3-2: Foul Ball, location: 7LMF
3-2: Base on Balls
Batting: RHB Marlon Whaley 0-0: Called Strike
0-1: Foul Ball, location: 3F
0-2: Fly out, F5 (Popup, 5SF, EV 71.3 MPH)
Pinch Hitting: LHB Joe Walter 0-0: Ball
1-0: Ground out 4-3 (Groundball, 4, EV 88.1 MPH)
Bottom of the 7th over - 0 runs, 1 hit, 0 errors, 2 left on base; Arkansas 4 - Northwest Arkansas 3
TOP OF THE 8TH
Arkansas Travelers batting - Pitching for Northwest Arkansas Naturals : RHP Jeremy Ward
Pitching: RHP Akim Lefranc
Now at 1B: Joe Walter
Now in RF: Sonny Pouliot
Batting: RHB David Ayala 0-0: Ball
1-0: Called Strike
1-1: Ball
2-1: Foul Ball, location: 9LSF
2-2: Ball
3-2: Strikes out swinging
Batting: LHB José Barrón 0-0: Ball
1-0: Ball
2-0: Ball
3-0: Fly out, F9 (Flyball, 9LM, EV 92.5 MPH)
Batting: RHB Dave Davis 0-0: Ball
1-0: SINGLE (Groundball, 4MD, EV 108.8 MPH)
Batting: LHB Jim Norton 0-0: Called Strike
0-1: Swinging Strike
Passed Ball!
Dave Davis to second
0-2: Strikes out swinging
Top of the 8th over - 0 runs, 1 hit, 0 errors, 1 left on base; Arkansas 4 - Northwest Arkansas 3
BOTTOM OF THE 8TH
Northwest Arkansas Naturals batting - Pitching for Arkansas Travelers : RHP Jim Unknown
Batting: RHB Chris Shafer 0-0: SINGLE (Groundball, 56D, EV 94.4 MPH)
Pitching: RHP Curt Owen
Batting: LHB Pete Barry 0-0: Ball
1-0: Sac Bunt to 15S - play at first, batter OUT! 1-4
Chris Shafer to second
Batting: RHB Teddy Salas 0-0: Called Strike
0-1: TRIPLE (Flyball, 89XD, EV 104.4 MPH)
Chris Shafer scores
Batting: RHB Josh Forrest 0-0: Swinging Strike
0-1: Hit by Pitch
Batting: LHB Sonny Pouliot 0-0: Called Strike
0-1: Ball
1-1: Swinging Strike
1-2: Ball
2-2: Foul Ball, location: 5SF
2-2: Ball
3-2: Strikes out swinging
Batting: SHB Luis Ramírez 0-0: Swinging Strike
0-1: Foul Ball, location: 7LMF
0-2: Ball
1-2: Fly out, F9 (Flyball, 9D, EV 90.6 MPH)
Bottom of the 8th over - 1 run, 2 hits, 0 errors, 2 left on base; Arkansas 4 - Northwest Arkansas 4
TOP OF THE 9TH
Arkansas Travelers batting - Pitching for Northwest Arkansas Naturals : RHP Akim Lefranc
Pinch Hitting: LHB Brad McParland 0-0: Ball
1-0: Ball
2-0: SINGLE (Line Drive, 6MD, EV 105.6 MPH)
Batting: RHB Clarence Gedman 0-0: Bunted foul
0-1: Sac Bunt to 15S - play at first, batter OUT! 1-3
Brad McParland to second
Batting: RHB Reggie Allen 0-0: Called Strike
0-1: Foul Ball, location: 2F
0-2: Fly out, F7 (Flyball, 7LSF, EV 91.3 MPH)
Batting: SHB Jim Unknown 0-0: Ball
1-0: Foul Ball, location: 2F
1-1: Ground out U3 (Groundball, 34, EV 91.9 MPH)
Top of the 9th over - 0 runs, 1 hit, 0 errors, 1 left on base; Arkansas 4 - Northwest Arkansas 4
BOTTOM OF THE 9TH
Northwest Arkansas Naturals batting - Pitching for Arkansas Travelers : RHP Curt Owen
Now in RF: Jim Unknown
Batting: SHB Jesús Catete 0-0: Ground out U3 (Groundball, 3, EV 91.3 MPH)
Batting: RHB Marlon Whaley 0-0: Called Strike
0-1: Ground out 6-3 (Groundball, 56, EV 90.0 MPH)
Batting: LHB Joe Walter 0-0: Called Strike
0-1: Hit by Pitch
Pinch Hitting: SHB Juan Ramos 0-0: Ground out 4-3 (Groundball, 4, EV 81.9 MPH)
Bottom of the 9th over - 0 runs, 0 hits, 0 errors, 1 left on base; Arkansas 4 - Northwest Arkansas 4
TOP OF THE 10TH
Arkansas Travelers batting - Pitching for Northwest Arkansas Naturals : RHP Akim Lefranc
Pitching: RHP Greg Whaley
Now at SS: Cris Camacho
Batting: LHB Edgar Vargo 0-0: Ball
1-0: Foul Ball, location: 2F
1-1: Called Strike
1-2: Ball
2-2: Foul Ball, location: 7LMF
2-2: Ground out 6-3 (Groundball, 6, EV 81.9 MPH)
Batting: RHB David Ayala 0-0: SINGLE (Line Drive, 4M, EV 104.4 MPH)
Batting: LHB José Barrón 0-0: Ball
David Ayala is caught stealing 2nd base 2-6
1-0: Called Strike
1-1: Ball
2-1: Ground out 4-3 (Groundball, 4, EV 102.5 MPH)
Top of the 10th over - 0 runs, 1 hit, 0 errors, 0 left on base; Arkansas 4 - Northwest Arkansas 4
BOTTOM OF THE 10TH
Northwest Arkansas Naturals batting - Pitching for Arkansas Travelers : RHP Curt Owen
Pitching: RHP Ed Cobb
Batting: LHB Pete Barry 0-0: Ground out 3-1 (Groundball, 34, EV 80.6 MPH)
Batting: RHB Teddy Salas 0-0: Swinging Strike
0-1: Foul Ball, location: 7LSF
0-2: Strikes out swinging
Batting: RHB Josh Forrest 0-0: Called Strike
0-1: Called Strike
0-2: Foul Ball, location: 5F
0-2: Ball
1-2: Strikes out swinging
Bottom of the 10th over - 0 runs, 0 hits, 0 errors, 0 left on base; Arkansas 4 - Northwest Arkansas 4
TOP OF THE 11TH
Arkansas Travelers batting - Pitching for Northwest Arkansas Naturals : RHP Greg Whaley
Batting: RHB Dave Davis 0-0: Ball
1-0: Swinging Strike
1-1: Foul Ball, location: 2F
1-2: Ground out 5-3 (Groundball, 56S, EV 71.3 MPH)
Batting: LHB Jim Norton 0-0: Called Strike
0-1: Called Strike
0-2: Ball
1-2: Fly out, F8 (Flyball, 89S, EV 93.8 MPH)
Batting: RHB Jim Unknown 0-0: Ball
1-0: Called Strike
1-1: Ball
2-1: Foul Ball, location: 9LDF
2-2: Foul Ball, location: 2F
2-2: Ball
3-2: Foul Ball, location: 7LMFF
3-2: Strikes out looking
Top of the 11th over - 0 runs, 0 hits, 0 errors, 0 left on base; Arkansas 4 - Northwest Arkansas 4
BOTTOM OF THE 11TH
Northwest Arkansas Naturals batting - Pitching for Arkansas Travelers : RHP Ed Cobb
Batting: LHB Sonny Pouliot 0-0: Ball
1-0: Ball
2-0: Foul Ball, location: 23F
2-1: Ball
3-1: Base on Balls
Batting: SHB Luis Ramírez 0-0: Bunted foul
0-1: Bunted foul
0-2: Fly out, F8 (Flyball, 8LD, EV 93.1 MPH)
Runner from 1st tags up, SAFE at 2nd
Batting: SHB Jesús Catete 0-0: Foul Ball, location: 2F
0-1: Foul Ball, location: 7LMF
0-2: Fly out, F8 (Line Drive, 8LS, EV 90.6 MPH)
Batting: RHB Marlon Whaley 0-0: Called Strike
0-1: Ball
1-1: Ground out 6-3 (Groundball, 6, EV 83.1 MPH)
Bottom of the 11th over - 0 runs, 0 hits, 0 errors, 1 left on base; Arkansas 4 - Northwest Arkansas 4
TOP OF THE 12TH
Arkansas Travelers batting - Pitching for Northwest Arkansas Naturals : RHP Greg Whaley
Batting: RHB Clarence Gedman 0-0: Called Strike
0-1: Ball
1-1: Fly out, F8 (Flyball, 8RM, EV 91.3 MPH)
Batting: RHB Reggie Allen 0-0: SINGLE (Line Drive, 4MD, EV 96.9 MPH)
Batting: SHB Jim Unknown 0-0: Ball
1-0: Sac Bunt to 13S - play at first, batter OUT! 1-3
Reggie Allen to second
Batting: LHB Edgar Vargo 0-0: Intentional Walk
Batting: RHB David Ayala 0-0: Ball
1-0: Ball
2-0: SINGLE (Groundball, 56D, EV 98.8 MPH)
Reggie Allen to third
Edgar Vargo to second
Runner from 3rd tries for Home, SAFE, throw by LF to home
Pitching: RHP Raúl Rivera
Batting: LHB José Barrón 0-0: Foul Ball, location: 2F
0-1: Ball
1-1: Foul Ball, location: 2F
1-2: Ball
2-2: DOUBLE (Flyball, 8RXD, EV 100.6 MPH)
Edgar Vargo scores
David Ayala to third
Throwing error, E8
David Ayala scores
José Barrón to third
Batting: RHB Dave Davis 0-0: Called Strike
0-1: Ground out 4-3 (Groundball, 4S, EV 88.8 MPH)
Top of the 12th over - 3 runs, 3 hits, 1 error, 1 left on base; Arkansas 7 - Northwest Arkansas 4
BOTTOM OF THE 12TH
Northwest Arkansas Naturals batting - Pitching for Arkansas Travelers : RHP Ed Cobb
Batting: LHB Joe Walter 0-0: Ball
1-0: Called Strike
1-1: Ball
2-1: Fly out, F4 (Flyball, 34D, EV 93.8 MPH)
Batting: RHB Cris Camacho 0-0: Ball
1-0: DOUBLE (Line Drive, 89D, EV 106.9 MPH)
Batting: LHB Pete Barry 0-0: Called Strike
0-1: Ball
1-1: Foul Ball, location: 2F
1-2: Foul Ball, location: 5SF
1-2: Ball
2-2: SINGLE (Flyball, 34D, EV 87.5 MPH)
Cris Camacho to third
Batting: RHB Teddy Salas 0-0: Ball
1-0: Ball
2-0: Called Strike
2-1: Called Strike
2-2: Strikes out swinging
Batting: RHB Josh Forrest 0-0: Foul Ball, location: 2F
0-1: Called Strike
0-2: Ball
1-2: TRIPLE (Flyball, 89XD, EV 101.9 MPH)
Cris Camacho scores
Pete Barry scores
Batting: LHB Sonny Pouliot 0-0: Ball
1-0: Swinging Strike
1-1: Ball
2-1: Ball
3-1: Swinging Strike
3-2: Foul Ball, location: 23F
3-2: Fly out, F6 (Popup, 6M, EV 55.6 MPH)
Bottom of the 12th over - 2 runs, 3 hits, 0 errors, 1 left on base; Arkansas 7 - Northwest Arkansas 6
Friday, May 3rd , 2024 - OOTP Baseball 24.10 Build 82